 Dungeon Crawl Stone Soup version 0.23-a0-584-g44dd78f (webtiles) character file.

515309 hairmachine the Warrior (level 24, -10/163 HPs)
             Began as a Deep Elf Ice Elementalist on Dec 9, 2018.
             Was the Champion of Lugonu.
             Mangled by an acid blob (29 damage)
             ... on level 3 of the Pits of Slime on Dec 17, 2018.
             The game lasted 10:21:44 (125298 turns).

hairmachine the Warrior (DEIE)                    Turns: 125298, Time: 10:21:45

Health: -10/163    AC:  6    Str:  3    XL:     24   Next: 46%
Magic:  9/48       EV: 26    Int: 40    God:    Lugonu [******]
Gold:   1951       SH: 14    Dex: 13    Spells: 6/61 levels left

rFire    + + .     SeeInvis .   j - staff of wizardry
rCold    + . .     Gourm    .   m - +2 shield {rF+}
rNeg     . . .     Faith    .   V - +2 robe {rC+ rF+}
rPois    .         Spirit   .   w - +2 helmet
rElec    +         Reflect  .   d - +2 cloak
rCorr    +         Harm     .   o - +2 pair of gloves
MR       +++..                  q - +0 pair of boots
Stlth    ++........             P - amulet of the Air {Inacc +Fly rElec EV+5 RMsl}
HPRegen  0.37/turn              x - ring of protection from magic
MPRegen  0.31/turn              z - ring "Neanaux" {rCorr Int+2}

@: brilliant, tornado, corroded, flying (expiring), very slightly contaminated,
repel missiles
A: clumsy 1, weak 1
}: 2/15 runes: decaying, serpentine
a: Depart the Abyss, Bend Space, Banish, Corrupt, Enter the Abyss, Brand Weapon
With Distortion, Renounce Religion


You were on level 3 of the Pits of Slime.
You worshipped Lugonu.
Lugonu was exalted by your worship.
You were not hungry.

You visited 11 branches of the dungeon, and saw 48 of its levels.
You visited the Abyss 3 times.
You visited 1 bazaar.

You collected 5391 gold pieces.
You spent 3440 gold pieces at shops.

Inventory:

Hand Weapons
 y - the +8 whip "Zoiptuuza" {freeze, Stlth+}
   (You found it on level 4 of the Dungeon)

   It has been specially enchanted to freeze those struck by it, causing extra
   injury to most foes and up to half again as much damage against particularly
   susceptible opponents.
   It can also slow down cold-blooded creatures.
   It makes you more stealthy.
Missiles
 v - a throwing net (quivered)
Armour
 d - a +2 cloak (worn)
 m - a +2 shield of fire resistance (worn)
 o - a +2 pair of gloves (worn)
 q - a +0 pair of boots (worn)
 u - the +1 robe "Ricvoe" {MR++ Int+8}
   (You found it on level 1 of the Abyss)

   It affects your intelligence (+8).
   It affects your resistance to hostile enchantments.
 w - a +2 helmet (worn)
 V - a +2 robe of resistance (worn)
Magical Staves
 j - an uncursed staff of wizardry (weapon)
Jewellery
 e - an uncursed ring of protection from magic
 r - an uncursed ring of poison resistance
 x - a ring of protection from magic (left hand)
 z - the ring "Neanaux" (right hand) {rCorr Int+2}
   (You found it on level 2 of the Swamp)

   [ring of resist corrosion]

   It affects your intelligence (+2).
 D - an uncursed ring of flight
 I - an uncursed ring of positive energy
 M - an uncursed ring of see invisible
 P - the amulet of the Air (around neck) {Inacc +Fly rElec EV+5 RMsl}
   (You found it on level 3 of the Elven Halls)

   [amulet of inaccuracy]

   It reduces the accuracy of all your attacks.
   It affects your evasion (+5).
   It insulates you from electricity.
   It lets you fly.
   It protects you from missiles.
Wands
 k - a wand of iceblast (33)
 B - a wand of digging (18)
 Q - a wand of disintegration (18)
 T - a wand of acid (9)
 W - a wand of clouds (4)
Scrolls
 a - 9 scrolls of fog
 b - 7 scrolls of immolation
 f - 30 scrolls of remove curse
 l - 13 scrolls of teleportation
 s - a scroll of amnesia
 J - 5 scrolls of magic mapping
 L - 14 scrolls of identify
 N - 2 scrolls of fear
 Y - 2 scrolls of enchant armour
Potions
 g - 15 potions of curing
 h - 8 potions of might
 i - 2 potions of resistance
 n - 5 potions of cancellation
 p - a potion of magic
 t - a potion of mutation
 A - 4 potions of haste
 C - 7 potions of flight
 E - 4 potions of brilliance
 F - 8 potions of lignification
 H - 6 potions of agility
 O - 3 potions of ambrosia
 U - 6 potions of heal wounds
 Z - 3 potions of invisibility
Miscellaneous
 G - a lamp of fire
Comestibles
 c - 44 rations


   Skills:
 + Level 20.1 Fighting
 - Level 2.8 Armour
 - Level 15.0 Dodging
 - Level 2.4 Stealth
 - Level 15.0 Shields
 + Level 19.4 Spellcasting
 - Level 15.0 Conjurations
 - Level 2.1 Charms
 - Level 10.0 Summonings
 - Level 7.0 Necromancy
 - Level 8.0 Fire Magic
 - Level 10.0 Ice Magic
 + Level 14.8 Air Magic
 - Level 7.0 Earth Magic
 - Level 9.0 Invocations


You had 6 spell levels left.
You knew the following spells:

 Your Spells              Type           Power        Failure   Level  Hunger
a - Bolt of Fire          Conj/Fire      ########..   1%          6    None
b - Apportation           Tloc           ######       1%          1    None
c - Ozocubu's Armour      Chrm/Ice       #######.     1%          3    None
d - Summon Ice Beast      Ice/Summ       #######.     1%          4    None
e - Throw Icicle          Conj/Ice       ########     1%          4    None
f - Borgnjor's Vile Clut  Necr/Erth      #######...   1%          5    None
g - Regeneration          Chrm/Necr      #######...   1%          3    None
h - Spellforged Servitor  Conj/Summ      ########..   1%          7    None
i - Fireball              Conj/Fire      ########..   1%          5    None
j - Freezing Cloud        Conj/Ice/Air   ########..   1%          6    None
k - Tornado               Air            ########..   16%         9    #####..
l - Passwall              Tmut/Erth      ######..     1%          2    None

Your spell library contained the following spells:

 Spells                   Type           Power        Failure   Level  Hunger
 Flame Tongue             Conj/Fire      #####        0%          1    None
 Freeze                   Ice            ####         0%          1    None
 Magic Dart               Conj           ####         0%          1    None
 Shock                    Conj/Air       ####         0%          1    None
 Summon Small Mammal      Summ           ####         0%          1    None
 Searing Ray              Conj           ######       0%          2    None
 Throw Flame              Conj/Fire      ######       0%          2    None
 Throw Frost              Conj/Ice       ######       0%          2    None
 Conjure Flame            Conj/Fire      ########     0%          3    None
 Static Discharge         Conj/Air       ########     0%          3    None
 Stone Arrow              Conj/Erth      ######       0%          3    None
 Iskenderun's Mystic Bla  Conj           ########     0%          4    None
 Animate Skeleton         Necr           N/A          1%          1    None
 Beastly Appendage        Tmut           ######       1%          1    None
 Confusing Touch          Hex            ######       1%          1    None
 Corona                   Hex            ######.      1%          1    None
 Pain                     Necr           ####         1%          1    None
 Blink                    Tloc           N/A          1%          2    None
 Corpse Rot               Necr           N/A          1%          2    None
 Ensorcelled Hibernation  Hex/Ice        ######       1%          2    None
 Shroud of Golubria       Chrm/Tloc      ######....   1%          2    None
 Slow                     Hex            ######..     1%          2    None
 Sticks to Snakes         Tmut           ######..     1%          2    None
 Confuse                  Hex            ######..     1%          3    None
 Dazzling Spray           Conj/Hex       ######       1%          3    None
 Gell's Gravitas          Tloc           ######....   1%          3    None
 Ignite Poison            Fire/Tmut/Pois ######..     1%          3    None
 Inner Flame              Hex/Fire       #######.     1%          3    None
 Lesser Beckoning         Tloc           ######....   1%          3    None
 Portal Projectile        Hex/Tloc       ######       1%          3    None
 Recall                   Summ/Tloc      N/A          1%          3    None
 Spider Form              Tmut/Pois      ######....   1%          3    None
 Teleport Other           Tloc           ######..     1%          3    None
 Tukima's Dance           Hex            ######..     1%          3    None
 Vampiric Draining        Necr           #######...   1%          3    None
 Animate Dead             Necr           N/A          1%          4    None
 Cause Fear               Hex            ######....   1%          4    None
 Force Lance              Conj/Tloc      #######.     1%          4    None
 Fulminant Prism          Conj/Hex       #######...   1%          4    None
 Ice Form                 Ice/Tmut       #######.     1%          4    None
 Leda's Liquefaction      Hex/Erth       ######....   1%          4    None
 Passage of Golubria      Tloc           N/A          1%          4    None
 Petrify                  Tmut/Erth      ######..     1%          4    None
 Sticky Flame             Conj/Fire      ########     1%          4    None
 Agony                    Necr           #######.     1%          5    None
 Dispel Undead            Necr           #######.     1%          5    None
 Lightning Bolt           Conj/Air       ########..   1%          5    None
 Silence                  Hex/Air        #######...   1%          5    None
 Summon Forest            Summ/Tloc      #######...   1%          5    None
 Conjure Ball Lightning   Conj/Air       ########..   1%          6    None
 Death Channel            Necr           #######...   1%          6    None
 Deflect Missiles         Chrm/Air       #######...   1%          6    None
 Iron Shot                Conj/Erth      ########..   1%          6    None
 Blade Hands              Tmut           ######....   2%          5    None
 Yara's Violent Unravell  Hex/Tmut       ######....   2%          5    None
 Hydra Form               Tmut           ######....   12%         6    None
 Summon Hydra             Summ           #######...   1%          7    None
 Ring of Flames           Chrm/Fire      #######...   8%          7    None
 Ignition                 Fire           #######...   17%         8    ###....
 Dragon Form              Tmut           ######....   45%         7    None
 Shatter                  Erth           #######...   95%         9    #####..
 Discord                  Hex            ######....   96%         8    ###....


Dungeon Overview and Level Annotations

Branches:
Dungeon (15/15)            Temple (1/1) D:7            Lair (6/6) D:9
  Swamp (4/4) Lair:4        Snake (4/4) Lair:2        Slime (3/5) Lair:5
    Orc (2/2) D:11            Elf (3/3) Orc:2        Vaults (4/5) D:13
  Crypt (1/3) Vaults:2     Depths (5/5) D:15            Zot (0/5) Depths:5

Altars:
Ashenzari
Cheibriados
Dithmenos
Elyvilon
Fedhas
Gozag
Kikubaaqudgha
Nemelex Xobeh
Okawaru
Qazlal
Ru
Trog
Uskayaw
Vehumet
Wu Jian
Xom
Yredelemnul
Zin
The Shining One

Shops:
D:10 (   Orc:2 *?!!   Vaults:1 [   Vaults:2 [   Vaults:4 *   Depths:1 }??

Portals:
Hell: Depths:1 Depths:2 Depths:3 Depths:4 Depths:5
Abyss: Depths:4
Pandemonium: Depths:1 Depths:3 Depths:4
Ziggurat: Depths:2

Annotations:
D:3 2 runed doors, Thaneod's ghost, weakling DEIE
D:6 Pikel
D:13 2 transporters, feelmyfire's ghost, journeyman DsCK
Lair:2 3 runed doors, Jiuwal's ghost, journeyman MiFi
Lair:4 exclusions: ice dragon and 1 more exclusion
Vaults:1 3 runed doors, Geloitur's ghost, veteran SpEE
Depths:2 exclusions: ancient lich and 3 more exclusions
Abyss:1 Nessos


Innate Abilities, Weirdness & Mutations

You are clumsy. (Dex -2)
You are weak. (Str -2)


Message History

* * * LOW HITPOINT WARNING * * *
You climb downwards.
There is a stone staircase leading up here.
Okay, then.
You feel clever all of a sudden. The acid blob barely misses you.
The slime creature misses you.
The slime creature completely misses you.
The acid blob spits acid at you. The splash of acid misses you.
Casting: Freezing Cloud (safe; 1% risk of failure)
Confirm with . or Enter, or press ? or * to list all spells.
The spell is very dangerous to cast (16% risk of failure)!
Continue anyway?
A great vortex of raging winds appears and lifts you up.
You block the death ooze's attack. The death ooze hits you!
* * * LOW HITPOINT WARNING * * *
The slime creature completely misses you.
The slime creature hits you!!
* * * LOW HITPOINT WARNING * * *
The acid blob hits you!!
You die...

##.........##..#. .
##................
###....J<.#..# .#.
##...#........#.#.#
#.......J.#..#.....
##.................
##.....§§J.§<.#....
#......§JJJ§........
##......§@§§........
#........§J§§.......#
#.........§§§.........
....##................
#.###..........#......
# ...................
..................
.........>......
...............


You could see 2 acid blobs, 4 slime creatures and a death ooze.

Vanquished Creatures
  Mennas (Vaults:4)
  Xtahua (Depths:3)
  Vashnia (Snake:3)
  Nikola (Swamp:3)
  2 golden dragons (Depths:4)
  2 tentacled monstrosities
  2 liches
  3 deep elf blademasters
  2 deep elf master archers (Elf:3)
  6 acid blobs
  Asterion (Snake:4)
  3 sphinxes
  A tentacled starspawn (Abyss:1)
  4 tengu reavers
  Kirke (Swamp:1)
  A shadow dragon (Depths:5)
  2 ancient champions (Crypt:1)
  A storm dragon (Vaults:3)
  An azure jelly (Slime:1)
  8 nagarajas
  6 fire giants
  2 revenants
  15 frost giants
  Louise (Swamp:2)
  8 vault wardens
  7 deep elf sorcerers
  A ghoul (Crypt:1)
  A draconian shifter (Depths:5)
  A balrug (Depths:3)
  A curse skull (Crypt:1)
  A draconian stormcaller (Depths:5)
  2 entropy weavers
  A reaper (Depths:1)
  3 spriggan defenders
  15 stone giants
  4 deep elf elementalists (Elf:3)
  2 juggernaut skeletons
  17 very ugly things
  9 ironheart preservers
  5 deep elf demonologists
  3 black draconians (Depths:5)
  5 vampire knights
  8 spark wasps
  A dire elephant (shapeshifter) (Depths:3)
  A dire elephant (Lair:6)
  2 white draconians (Depths:5)
  A purple draconian (Depths:5)
  Azrael (Orc:2)
  11 deep elf annihilators
  11 deep elf death magi
  An eidolon (Crypt:1)
  7 ettins
  6 jiangshi (Crypt:1)
  A fire dragon (shapeshifter) (Vaults:1)
  A crystal guardian (Vaults:2)
  Josephine (D:11)
  2 deep elf high priests
  4 yaktaur captains
  9 fire dragons
  5 great orbs of eyes
  4 rakshasas
  13 naga warriors
  8 vault guards
  10 ice dragons
  2 ghost crabs (Swamp:4)
  14 hydras
  3 catoblepae
  A spriggan air mage (Depths:5)
  8 anacondas
  17 alligators
  3 merfolk avatars (Swamp:4)
  10 tengu warriors
  43 two-headed ogres
  24 dancing weapons
  3 death knights
  14 ogre magi
  5 deep troll shamans
  14 centaur warriors
  4 vampire magi
  5 death yaks
  Urug (Lair:4)
  A titan zombie (Depths:4)
  3 deep troll earth magi
  An orc high priest (Elf:1)
  2 spriggan berserkers (Depths:4)
  9 hell knights
  Sonja (D:11)
  4 shock serpents
  9 naga sharpshooters
  A wretched star (Abyss:2)
  A soul eater (Depths:3)
  12 spriggans
  7 iron trolls
  30 deep elf knights
  2 sixfirhies
  Nergalle (Lair:3)
  2 shadow wraiths
  19 deep trolls
  2 spriggan druids (Swamp:4)
  3 salamander mystics
  A sea snake (shapeshifter) (Elf:1)
  An unseen horror (Vaults:1)
  An unseen horror (shapeshifter) (Depths:4)
  18 skeletal warriors
  2 wizards
  A torturous demonspawn (Depths:1)
  A deep troll (shapeshifter) (Depths:3)
  3 flayed ghosts
  An infernal demonspawn (Depths:3)
  6 naga ritualists
  3 glowing orange brains
  7 ironbrand convokers
  5 swamp dragons
  17 deep elf archers
  An obsidian statue (Elf:1)
  3 harpies (shapeshifter)
  9 orc knights
  A lindwurm (Lair:6)
  9 necromancers
  5 phantasmal warriors
  An iron dragon zombie (Depths:1)
  An orb spider (shapeshifter) (Depths:3)
  7 mana vipers
  66 deep elf magi
  5 orc sorcerers
  31 ugly things
  3 manticores
  10 cyclopes
  5 shining eyes
  A sphinx skeleton (Depths:4)
  An iron dragon skeleton (Depths:4)
  15 salamanders
  2 wolf spiders (Vaults:4)
  A moth of wrath (shapeshifter) (Depths:3)
  10 elephants
  3 guardian serpents
  Psyche (D:11)
  20 naga magi
  A frost giant skeleton (Depths:1)
  37 black mambas
  2 centaur zombies
  A smoke demon (Abyss:1)
  6 vault sentinels
  An ice statue (Lair:6)
  A spiny frog (shapeshifter) (Depths:4)
  2 orange demons
  2 storm dragon simulacra
  11 spiny frogs
  3 torpor snails
  An elf skeleton (Depths:4)
  A kobold demonologist (D:12)
  3 rime drakes
  16 freezing wraiths
  7 komodo dragons
  2 red draconian zombies (Crypt:1)
  A yaktaur (shapeshifter) (Vaults:2)
  38 yaktaurs
  An ice devil (Lair:6)
  A red devil (Depths:1)
  5 tengu conjurers
  A queen bee (shapeshifter) (Vaults:1)
  13 trolls
  A troll (shapeshifter) (Vaults:4)
  20 tyrant leeches
  A hornet (shapeshifter) (Vaults:2)
  72 slime creatures
  Prince Ribbit (D:8)
  3 polar bears
  2 blink frogs
  8 hippogriffs
  5 bog bodies
  A raiju (Abyss:1)
  15 hornets
  A blink frog (shapeshifter) (Vaults:2)
  2 air elementals (Elf:1)
  A fire giant simulacrum (Depths:4)
  3 hippogriffs (shapeshifter)
  3 shadows
  4 redbacks
  2 spriggans (shapeshifter)
  A centaur simulacrum (D:14)
  A ynoxinul (Depths:3)
  A basilisk (shapeshifter) (Vaults:1)
  4 hogs (Swamp:1)
  4 fire elementals
  10 humans (D:13)
  6 water elementals
  12 wraiths
  A fire bat (shapeshifter) (Vaults:3)
  22 yaks
  A basilisk (D:15)
  A yak (shapeshifter) (Depths:3)
  3 swamp worm simulacra (Swamp:4)
  A human (shapeshifter) (Vaults:3)
  27 vampire mosquitoes
  4 hungry ghosts
  7 large abominations
  3 human simulacra
  A chaos spawn (Depths:1)
  5 insubstantial wisps (Swamp:2)
  57 nagas
  15 swamp worms
  5 wargs
  A soldier ant (D:14)
  2 acid dragons
  14 water moccasins
  14 hydra simulacra (Swamp:4)
  4 sky beasts
  5 hell hounds
  3 porcupines
  27 orc warriors
  A black bear (shapeshifter) (Depths:5)
  9 swamp drakes
  3 black bears (Lair:6)
  A boggart (Vaults:3)
  A necrophage (D:8)
  10 ice beasts
  A phantom (D:8)
  An eye of draining (Slime:3)
  43 ogres
  17 centaurs
  5 wolves
  A crocodile (shapeshifter) (Depths:5)
  10 crocodiles
  An elf simulacrum (Depths:4)
  A big kobold (D:12)
  2 elf zombies (Elf:3)
  18 bullfrogs
  3 wyvern zombies
  3 earth elementals
  A gnoll sergeant (D:12)
  A glowing shapeshifter simulacrum (Vaults:1)
  A yaktaur skeleton (Crypt:1)
  A wyvern skeleton (D:14)
  3 scorpions
  A scorpion (shapeshifter) (Vaults:4)
  A troll zombie (Crypt:1)
  20 wights
  8 killer bees
  2 howler monkeys
  A yaktaur simulacrum (Vaults:1)
  2 bullfrog zombies
  9 crimson imps
  A hound (shapeshifter) (Vaults:2)
  3 quasits
  A gnoll shaman (D:6)
  8 hounds
  15 orc priests
  7 jellies
  3 bullfrog skeletons
  4 centaur skeletons
  5 iron imps
  21 orc wizards
  6 iguanas
  9 worker ants
  2 hell rats (Lair:5)
  A killer bee zombie (D:10)
  A deep dwarf skeleton (Crypt:1)
  A hound skeleton (D:7)
  2 worker ant zombies
  9 gnolls
  14 adders
  7 river rats (Lair:5)
  2 shadow imps
  7 white imps
  6 ufetubi
  4 oozes
  5 swamp drake simulacra (Swamp:4)
  2 adder skeletons
  2 adder zombies
  2 worms
  4 dart slugs
  4 leopard geckos
  94 orcs
  A giant cockroach (D:4)
  6 hobgoblins
  10 jackals
  2 quokkas
  A ball python (D:3)
  A ball python skeleton (Crypt:1)
  9 bats
  3 frilled lizards
  7 goblins
  A hobgoblin zombie (D:7)
  15 kobolds
  3 leopard gecko skeletons
  An orc zombie (D:7)
  3 quokka skeletons
  5 rats
  3 fungi
  A lurking horror (Abyss:2)
  7 plants
1898 creatures vanquished.

Vanquished Creatures (collateral kills)
  A golden dragon (Depths:5)
  A frost giant (Depths:5)
  2 very ugly things
  A spriggan defender (Depths:5)
  A vampire knight (Crypt:1)
  A black draconian (Depths:5)
  A deep elf demonologist (Vaults:4)
  A fire dragon (Depths:5)
  A yaktaur captain (Vaults:4)
  A vault guard (Vaults:4)
  A hydra (Lair:5)
  4 two-headed ogres
  2 deep troll shamans (Depths:2)
  A deep elf knight (Vaults:4)
  2 skeletal warriors (Crypt:1)
  A flayed ghost (Crypt:1)
  A hell knight (Depths:2)
  2 deep elf magi (Vaults:4)
  3 phantasmal warriors (Crypt:1)
  3 ugly things
  8 elephants
  A frost giant skeleton (Depths:1)
  Maurice (D:8)
  2 black mambas (Lair:2)
  4 spiny frogs
  A freezing wraith (Vaults:4)
  A death yak zombie (Crypt:1)
  A komodo dragon (Lair:5)
  10 yaktaurs
  A queen bee (D:8)
  11 blink frogs
  A hippogriff (Lair:5)
  2 slime creatures
  2 wraiths
  19 yaks
  2 basilisks
  2 vampire mosquitoes (Swamp:3)
  A warg (Orc:1)
  5 orc warriors
  An ice beast (D:7)
  A sky beast (D:7)
  4 ogres
  A centaur (D:7)
  A wolf (Lair:6)
  A crocodile (Lair:3)
  A big kobold (D:7)
  Blork the orc (D:5)
  2 bullfrogs (Lair:5)
  12 killer bees
  3 wights
  9 jellies
  A crimson imp (D:9)
  3 hounds
  7 orc priests
  9 orc wizards
  A worker ant (D:8)
  A mummy (D:7)
  A gnoll (D:6)
  An adder (D:8)
  21 orcs
  3 kobolds (D:7)
191 creatures vanquished.

Vanquished Creatures (others)
  An azure jelly (Swamp:4)
  A vampire knight (Vaults:2)
  A deep elf demonologist (Elf:1)
  A hydra (Swamp:4)
  A deep elf knight (Elf:2)
  A deep elf mage (Elf:1)
  2 vault sentinels (Vaults:1)
  A guardian serpent (Snake:4)
  A water elemental (Elf:1)
  A human (D:13)
  A naga (Snake:2)
  An orc wizard (D:11)
  4 orcs
  A quokka (D:5)
  A kobold (Depths:2)
  28 fungi
  18 plants
  5 starspawn tentacles (Abyss:1)
70 creatures vanquished.

Grand Total: 2159 creatures vanquished

Notes
Turn   | Place    | Note
-------+----------+-------------------------------------------
     0 | D:1      | hairmachine the Deep Elf Ice Elementalist began the quest
                  | for the Orb.
     0 | D:1      | Reached XP level 1. HP: 10/10 MP: 6/6
   556 | D:1      | Reached XP level 2. HP: 15/15 MP: 4/8
   589 | D:1      | Learned a level 2 spell: Throw Frost
  1657 | D:2      | Reached XP level 3. HP: 19/19 MP: 5/9
  1775 | D:2      | Learned a level 3 spell: Ozocubu's Armour
  2268 | D:2      | Reached skill level 1 in Charms
  2447 | D:2      | Found a bloodstained altar of Trog.
  2797 | D:3      | Found a glowing golden altar of the Shining One.
  2835 | D:3      | Reached skill level 5 in Ice Magic
  2835 | D:3      | Reached XP level 4. HP: 24/24 MP: 6/11
  3075 | D:3      | Found a large runed door.
  3075 | D:3      | Found a large runed door.
  3080 | D:3      | Noticed Thaneod's ghost (weakling DEIE)
  3418 | D:3      | Reached XP level 5. HP: 28/28 MP: 7/13
  3465 | D:3      | Learned a level 4 spell: Summon Ice Beast
  3687 | D:3      | Found a stormy altar of Qazlal.
  3735 | D:3      | Found a sacrificial altar of Ru.
  4263 | D:4      | Reached skill level 1 in Summonings
  4312 | D:4      | Reached XP level 6. HP: 32/32 MP: 10/15
  4616 | D:4      | Reached skill level 5 in Spellcasting
  4826 | D:4      | Learned a level 4 spell: Throw Icicle
  4916 | D:4      | Found an opulent altar of Gozag.
  5058 | D:4      | Got a blackened whip
  5059 | D:4      | Identified the +8 whip "Zoiptuuza" {freeze, Stlth+} (You
                  | found it on level 4 of the Dungeon)
  5193 | D:5      | Entered Level 5 of the Dungeon
  5779 | D:5      | Reached XP level 7. HP: 35/37 MP: 14/17
  5820 | D:5      | Found a white marble altar of Elyvilon.
  6003 | D:5      | Found an iron altar of Okawaru.
  6007 | D:5      | Reached skill level 1 in Fighting
  6244 | D:5      | Noticed Blork the orc
  6260 | D:5      | Killed Blork the orc
  6461 | D:5      | Found a sparkling altar of Nemelex Xobeh.
  6461 | D:5      | Found a shimmering altar of Xom.
  6865 | D:6      | Found a shattered altar of Ashenzari.
  7407 | D:6      | Noticed Pikel
  7785 | D:6      | Found a basalt altar of Yredelemnul.
  7994 | D:6      | Reached XP level 8. HP: 41/44 MP: 19/19
  8148 | D:7      | Found an ancient bone altar of Kikubaaqudgha.
  8208 | D:7      | Reached skill level 2 in Fighting
  8724 | D:7      | Reached skill level 3 in Fighting
  9136 | D:7      | Found a staircase to the Ecumenical Temple.
  9141 | Temple   | Entered the Ecumenical Temple
  9203 | Temple   | Became a worshipper of Vehumet
  9621 | D:7      | Reached skill level 4 in Fighting
 10106 | D:8      | Noticed Prince Ribbit
 10404 | D:8      | Reached * piety under Vehumet
 10404 | D:8      | Offered knowledge of Flame Tongue by Vehumet.
 10678 | D:8      | Reached XP level 9. HP: 50/52 MP: 15/23
 11391 | D:8      | Killed Prince Ribbit
 11691 | D:8      | Noticed a queen bee
 11714 | D:8      | Killed a queen bee
 12235 | D:8      | Reached skill level 5 in Fighting
 12863 | D:8      | Noticed Maurice
 12872 | D:8      | Killed Maurice
 12872 | D:8      | Reached skill level 5 in Dodging
 12984 | D:8      | Reached skill level 10 in Spellcasting
 13089 | D:8      | Found an ornate altar of the Wu Jian Council.
 13097 | D:8      | Found a shadowy altar of Dithmenos.
 13099 | D:8      | Identified Gihaef's Collected Works on Dusty Weightlessness
 13172 | D:8      | Identified the +9 great sword of Zin's Displeasure {speed,
                  | Int+3}
 13205 | D:8      | Offered knowledge of Magic Dart by Vehumet.
 13220 | D:8      | Reached ** piety under Vehumet
 13257 | D:8      | Learned a level 5 spell: Borgnjor's Vile Clutch
 13512 | D:9      | Reached skill level 1 in Necromancy
 13654 | D:9      | Reached skill level 1 in Earth Magic
 14256 | D:9      | Found a staircase to the Lair.
 14301 | D:9      | Reached XP level 10. HP: 59/60 MP: 21/26
 15040 | D:9      | Found a blossoming altar of Fedhas.
 15701 | D:9      | Reached skill level 6 in Fighting
 15771 | Lair:1   | Entered Level 1 of the Lair of Beasts
 15847 | Lair:1   | Noticed a spiny frog
 15871 | Lair:1   | Killed a spiny frog
 16942 | Lair:1   | Offered knowledge of Dazzling Spray by Vehumet.
 17061 | Lair:1   | Upgraded the game from 0.23-a0-550-g7de1f8e to
                  | 0.23-a0-554-gd3cbc84
 17065 | Lair:1   | Learned a level 3 spell: Regeneration
 17093 | Lair:2   | Noticed a black mamba
 17097 | Lair:2   | Killed a black mamba
 17237 | Lair:2   | Found a runed gate.
 17237 | Lair:2   | Found a runed gate.
 17237 | Lair:2   | Found a runed gate.
 17238 | Lair:2   | Noticed a nine-headed hydra
 17239 | Lair:2   | Noticed Jiuwal's ghost (journeyman MiFi)
 17323 | Lair:2   | Noticed a nine-headed hydra
 17402 | Lair:2   | Reached skill level 5 in Necromancy
 17572 | Lair:2   | Found a staircase to the Snake Pit.
 17673 | Lair:2   | Noticed a black mamba
 17681 | Lair:2   | Killed a black mamba
 17890 | Lair:2   | Reached *** piety under Vehumet
 18229 | Lair:2   | Noticed a black mamba
 18237 | Lair:2   | Killed a black mamba
 18237 | Lair:2   | Reached skill level 7 in Fighting
 18429 | Lair:2   | Reached XP level 11. HP: 58/67 MP: 11/27
 19387 | Lair:3   | Noticed Nergalle
 19419 | Lair:3   | Killed Nergalle
 19419 | Lair:3   | Reached skill level 8 in Fighting
 20198 | Lair:3   | Offered knowledge of Ignite Poison by Vehumet.
 20948 | Lair:3   | Upgraded the game from 0.23-a0-554-gd3cbc84 to
                  | 0.23-a0-558-g30802b1
 21126 | Lair:4   | Noticed an ice dragon
 21226 | Lair:4   | Reached skill level 9 in Fighting
 21795 | Lair:4   | Reached skill level 5 in Earth Magic
 22194 | Lair:4   | Noticed a death yak
 22214 | Lair:4   | Killed a death yak
 22296 | Lair:4   | Reached **** piety under Vehumet
 22505 | Lair:4   | Found a staircase to the Swamp.
 22519 | Lair:4   | Noticed Urug
 22527 | Lair:4   | Killed Urug
 22638 | Lair:4   | Reached XP level 12. HP: 76/76 MP: 3/29
 22794 | Lair:4   | Offered knowledge of Mephitic Cloud by Vehumet.
 22986 | Lair:5   | Noticed a five-headed hydra
 22996 | Lair:5   | Killed a five-headed hydra
 23713 | Lair:5   | Reached skill level 10 in Dodging
 24370 | Lair:5   | Found a staircase to the Slime Pits.
 25221 | Lair:5   | Upgraded the game from 0.23-a0-558-g30802b1 to
                  | 0.23-a0-565-g3e74e4c
 25222 | Lair:6   | Entered Level 6 of the Lair of Beasts
 25298 | Lair:5   | Reached skill level 10 in Fighting
 25863 | Lair:6   | Noticed a seven-headed hydra
 26102 | Lair:6   | Noticed a catoblepas
 26133 | Lair:6   | Killed a seven-headed hydra
 26148 | Lair:6   | Noticed a five-headed hydra
 26149 | Lair:6   | Reached ***** piety under Vehumet
 26257 | Lair:6   | Offered knowledge of Spellforged Servitor by Vehumet.
 26273 | Lair:6   | Learned a level 7 spell: Spellforged Servitor
 26829 | Lair:6   | Killed a five-headed hydra
 26829 | Lair:6   | Reached XP level 13. HP: 83/83 MP: 18/31
 26955 | Lair:6   | Reached skill level 5 in Conjurations
 27968 | Lair:6   | Noticed a dire elephant
 28022 | Lair:6   | Killed a dire elephant
 29210 | D:10     | Entered Level 10 of the Dungeon
 29502 | D:10     | Reached skill level 5 in Summonings
 29602 | D:10     | Reached skill level 1 in Armour
 29928 | D:10     | Found Ikat's Weapon Boutique.
 30268 | D:11     | You fall through a shaft for 3 floors!
 30377 | D:11     | Noticed Psyche
 30383 | D:11     | Killed Psyche
 30566 | D:11     | Offered knowledge of Lee's Rapid Deconstruction by Vehumet.
 30980 | D:11     | Found a staircase to the Orcish Mines.
 31140 | D:11     | Noticed Sonja
 31150 | D:11     | Killed Sonja
 31247 | D:11     | Noticed Josephine
 31253 | D:11     | Killed Josephine
 31795 | D:11     | Reached skill level 11 in Fighting
 32160 | D:12     | Reached XP level 14. HP: 90/90 MP: 28/33
 33627 | D:13     | Reached skill level 1 in Shields
 33807 | D:13     | Found a sparkling altar of Nemelex Xobeh.
 34274 | D:13     | Noticed feelmyfire's ghost (journeyman DsCK)
 34276 | D:13     | Identified the +9 great mace "Dragon's Undoing" {pain, +Inv
                  | rC+ rN+++ Int-5}
 34280 | D:13     | Found a transporter.
 34296 | D:13     | Found a transporter.
 34538 | D:13     | Found a gate to the Vaults.
 34675 | D:13     | Offered knowledge of Lightning Bolt by Vehumet.
 35774 | D:14     | Identified a scroll of acquirement
 35786 | D:14     | Learned a level 5 spell: Fireball
 36139 | D:14     | Reached skill level 1 in Fire Magic
 36495 | D:14     | Upgraded the game from 0.23-a0-565-g3e74e4c to
                  | 0.23-a0-577-g2b1de94
 36496 | D:15     | Entered Level 15 of the Dungeon
 36881 | D:15     | Noticed Nessos
 37499 | Orc:1    | Entered Level 1 of the Orcish Mines
 38322 | Swamp:1  | Entered Level 1 of the Swamp
 39519 | Swamp:1  | Noticed Kirke
 39779 | Swamp:1  | Killed Kirke
 40281 | Swamp:2  | Offered knowledge of Freezing Cloud by Vehumet.
 40294 | Swamp:2  | Reached XP level 15. HP: 95/95 MP: 30/35
 40309 | Swamp:2  | Learned a level 6 spell: Freezing Cloud
 40317 | Swamp:2  | Noticed Louise
 40322 | Swamp:2  | Cast into level 2 of the Abyss (Louise)
 40325 | Abyss:2  | Found a corrupted altar of Lugonu.
 40343 | Abyss:2  | Found a blossoming altar of Fedhas.
 40360 | Abyss:2  | Fell from the grace of Vehumet
 40360 | Abyss:2  | Became a worshipper of Lugonu the Unformed
 40360 | Abyss:2  | Reached * piety under Lugonu
 40361 | Swamp:2  | Escaped the Abyss
 40410 | Swamp:2  | Killed Louise
 41565 | Swamp:2  | Reached skill level 15 in Spellcasting
 41878 | Swamp:2  | Found a transporter.
 42024 | Swamp:2  | HP: 1/96 [the malice of Vehumet (21)]
 42389 | Swamp:2  | Reached skill level 5 in Shields
 42601 | Swamp:2  | Found a transporter.
 43688 | Swamp:3  | Found a sparkling altar of Nemelex Xobeh.
 44177 | Swamp:3  | Noticed Nikola
 44514 | Orc:1    | Reached ** piety under Lugonu
 46029 | Orc:2    | Entered Level 2 of the Orcish Mines
 46029 | Orc:2    | Found a staircase to the Elven Halls.
 46232 | Orc:2    | Found Kuem's Distillery.
 46238 | Orc:1    | Reached skill level 12 in Fighting
 46281 | Orc:2    | Reached skill level 1 in Invocations
 46727 | Orc:2    | Reached *** piety under Lugonu
 47310 | Orc:2    | Reached skill level 10 in Conjurations
 47988 | Orc:2    | Found Qyex's Distillery.
 47989 | Orc:2    | Found Nuraxtev's Magic Scroll Shop.
 47991 | Orc:2    | Bought a potion of haste for 120 gold pieces
 47991 | Orc:2    | Bought a potion of heal wounds for 60 gold pieces
 47991 | Orc:2    | Bought 2 potions of heal wounds for 120 gold pieces
 48032 | Orc:2    | Found Afahuf's Assorted Antiques.
 48056 | Orc:2    | Bought a scroll of teleportation for 33 gold pieces
 48056 | Orc:2    | Bought a scroll of blinking for 82 gold pieces
 48084 | Orc:2    | Bought a potion of heal wounds for 80 gold pieces
 48470 | Orc:2    | Bought a potion of experience for 800 gold pieces
 48470 | Orc:2    | Bought 2 potions of haste for 320 gold pieces
 48470 | Orc:2    | Bought a potion of curing for 48 gold pieces
 48470 | Orc:2    | Bought a potion of curing for 48 gold pieces
 48470 | Orc:2    | Bought a potion of curing for 48 gold pieces
 48470 | Orc:2    | Bought a potion of invisibility for 128 gold pieces
 48475 | Orc:2    | Bought a potion of curing for 36 gold pieces
 48475 | Orc:2    | Bought 2 potions of cancellation for 192 gold pieces
 48484 | Orc:2    | Reached XP level 16. HP: 102/102 MP: 37/37
 48663 | Snake:1  | Entered Level 1 of the Snake Pit
 48800 | Snake:1  | Reached XP level 17. HP: 66/107 MP: 25/38
 49921 | Snake:1  | Was forgiven by Vehumet
 50294 | Snake:1  | Reached **** piety under Lugonu
 50697 | Snake:1  | Got a pair of blackened gloves
 50793 | Snake:1  | Reached skill level 5 in Invocations
 51271 | Snake:1  | Identified the +1 pair of gloves "Tuynk" {rC+ rN+ MR-} (You
                  | found it on level 1 of the Snake Pit)
 52891 | Snake:2  | Reached skill level 15 in Dodging
 55268 | Snake:3  | Noticed Vashnia
 55716 | Snake:3  | Killed Vashnia
 56431 | Snake:3  | Reached skill level 13 in Fighting
 56431 | Snake:3  | Reached skill level 10 in Shields
 56781 | Snake:4  | Entered Level 4 of the Snake Pit
 58484 | Snake:4  | Noticed Asterion
 58832 | Snake:4  | Killed Asterion
 59354 | Snake:4  | Reached XP level 18. HP: 114/114 MP: 21/39
 62460 | Snake:4  | Got a serpentine rune of Zot
 62959 | Vaults:1 | Entered Level 1 of the Vaults
 63107 | D:14     | Reached ***** piety under Lugonu
 63840 | D:15     | Found a staircase to the Depths.
 64253 | D:15     | Banished Nessos
 64542 | D:10     | Bought the +6 morningstar "Rikesuir" {drain, rElec} for 665
                  | gold pieces
 64845 | Swamp:3  | Killed Nikola
 64845 | Swamp:3  | Reached skill level 14 in Fighting
 65778 | Swamp:4  | Entered Level 4 of the Swamp
 69376 | Swamp:4  | Got a decaying rune of Zot
 69733 | Vaults:1 | Upgraded the game from 0.23-a0-577-g2b1de94 to
                  | 0.23-a0-582-g1b4a0ca
 69872 | D:13     | Reached XP level 19. HP: 114/122 MP: 27/40
 71312 | Vaults:1 | Identified the Guide on Shape Shifting
 73657 | Vaults:1 | Found Doamet's Armour Shop.
 73657 | Vaults:1 | Found a runed gate.
 73657 | Vaults:1 | Found a runed gate.
 73670 | Vaults:1 | Noticed Geloitur's ghost (veteran SpEE)
 73778 | Vaults:1 | Found a runed gate.
 73891 | Vaults:1 | Reached ****** piety under Lugonu
 73891 | Vaults:1 | Reached skill level 15 in Fighting
 75292 | Vaults:2 | Reached skill level 15 in Shields
 76328 | Vaults:2 | Found a staircase to the Crypt.
 76353 | Vaults:2 | Found Red Lyliom's Armour Boutique.
 78582 | Vaults:3 | Reached XP level 20. HP: 130/130 MP: 29/41
 79460 | Vaults:3 | Reached skill level 10 in Ice Magic
 82741 | Vaults:4 | Noticed Mennas
 83244 | Elf:1    | Entered Level 1 of the Elven Halls
 83255 | Elf:1    | Reached skill level 16 in Fighting
 83259 | Elf:1    | Noticed Azrael
 83369 | Elf:1    | Reached skill level 10 in Summonings
 83450 | Orc:2    | Killed Azrael
 83996 | Elf:1    | Reached skill level 1 in Air Magic
 85105 | Elf:1    | Found a gateway to a bazaar.
 85109 | Bazaar   | Entered a bazaar
 85109 | Bazaar   | Found Piukho Ahij's Magic Scroll Shoppe.
 85109 | Bazaar   | Found Vegel's Weapon Shop.
 85141 | Bazaar   | Found Raesemn's Assorted Antiques.
 85170 | Bazaar   | Found Ymmeh's General Store.
 85176 | Bazaar   | Found Isybb's Distillery.
 85184 | Bazaar   | Bought a potion of heal wounds for 50 gold pieces
 85184 | Bazaar   | Bought a potion of heal wounds for 50 gold pieces
 85184 | Bazaar   | Bought a potion of magic for 80 gold pieces
 85230 | Bazaar   | Bought a scroll of teleportation for 30 gold pieces
 85230 | Bazaar   | Bought a scroll of teleportation for 30 gold pieces
 85250 | Bazaar   | Bought a scroll of teleportation for 24 gold pieces
 85257 | Bazaar   | Bought a potion of agility for 40 gold pieces
 85257 | Bazaar   | Bought a potion of cancellation for 80 gold pieces
 85465 | Elf:2    | Found an ancient bone altar of Kikubaaqudgha.
 85915 | Elf:2    | Found a runed gate.
 85915 | Elf:2    | Found a runed gate.
 85917 | Elf:2    | Found a runed gate.
 86680 | Elf:2    | Reached XP level 21. HP: 133/137 MP: 30/42
 87592 | Elf:3    | Entered Level 3 of the Elven Halls
 88110 | Elf:3    | Identified the Tome of Dark Secrets
 89197 | Elf:3    | Identified the amulet "Ajeral" {+Rage Int+4}
 89624 | Elf:3    | Reached skill level 17 in Fighting
 90545 | Elf:3    | Identified the cursed +1 robe of the Republic {rElec rF+
                  | Dex+2 Stlth+}
 91175 | Elf:3    | Found the amulet of the Air {Inacc +Fly rElec EV+5 RMsl}
 91647 | Elf:3    | Identified the Volume of Earthen Orientation
 91675 | Elf:3    | Identified the amulet "Sebekk" {+Rage +Fly rPois rF+ Int+4}
                  | (You found it on level 3 of the Elven Halls)
 91732 | Elf:3    | Got a transparent hat
 91733 | Elf:3    | Identified the cursed -1 hat of Unreason {MR+ Slay+3} (You
                  | found it on level 3 of the Elven Halls)
 92222 | Swamp:2  | Got a twitching bronze ring
 92223 | Swamp:2  | Identified the ring "Neanaux" {rCorr Int+2} (You found it
                  | on level 2 of the Swamp)
 92231 | Swamp:2  | Got a scintillating turquoise ring
 92232 | Swamp:2  | Identified the ring of the Establishment {EV+2 Str+5} (You
                  | found it on level 2 of the Swamp)
 92615 | Depths:1 | Entered Level 1 of the Depths
 92805 | Depths:1 | Found Wafuon's Magic Scroll Shoppe.
 92988 | Depths:1 | Found Zaobaeg's Gadget Emporium.
 92995 | Depths:1 | Bought a scroll of blinking for 112 gold pieces
 93823 | Depths:1 | Found a one-way gate leading to the halls of Pandemonium.
 94165 | Depths:1 | Found Jeinocod's Magic Scroll Shop.
 94354 | D:15     | Reached skill level 18 in Fighting
 95832 | Depths:1 | Bought a scroll of blinking for 82 gold pieces
 95832 | Depths:1 | Bought a scroll of blinking for 82 gold pieces
 96100 | Depths:1 | You fall through a shaft!
 96128 | Depths:2 | Found a gateway to a ziggurat.
 96128 | Depths:2 | Noticed an ancient lich
 96444 | Depths:1 | Found a gateway to Hell.
 97181 | Depths:1 | Learned a level 6 spell: Bolt of Fire
 97329 | Depths:2 | Reached skill level 5 in Air Magic
 97649 | Depths:2 | Reached XP level 22. HP: 148/148 MP: 27/45
 99710 | Depths:2 | Learned a level 1 spell: Apportation
 99711 | Depths:2 | Found a shimmering altar of Xom.
100078 | Depths:3 | Noticed Xtahua
100094 | Depths:3 | Killed Xtahua
104378 | Depths:4 | Reached skill level 10 in Air Magic
105795 | Depths:4 | Noticed a golden dragon
105957 | Depths:4 | Noticed a golden dragon
105960 | Depths:4 | Killed a golden dragon
105974 | Depths:4 | Killed a golden dragon
105974 | Depths:4 | Reached skill level 19 in Fighting
106341 | Depths:4 | Reached skill level 15 in Conjurations
106615 | Depths:4 | Reached XP level 23. HP: 151/155 MP: 27/47
106863 | Depths:4 | Found a one-way gate to the infinite horrors of the Abyss.
108595 | Depths:5 | Entered Level 5 of the Depths
109381 | Depths:5 | Learned a level 9 spell: Tornado
110306 | Depths:5 | Reached skill level 5 in Fire Magic
111663 | Depths:5 | Found a gate to the Realm of Zot.
112388 | Depths:4 | Learned a level 2 spell: Passwall
112389 | Depths:4 | Voluntarily entered the Abyss.
112529 | Abyss:2  | Found a corrupted altar of Lugonu.
112969 | Depths:4 | Escaped the Abyss
115061 | Vaults:4 | Killed Mennas
116630 | Vaults:4 | Found Ygoaset's Assorted Antiques.
117438 | Vaults:4 | Reached XP level 24. HP: 159/162 MP: 27/47
117870 | Vaults:4 | Upgraded the game from 0.23-a0-582-g1b4a0ca to
                  | 0.23-a0-584-g44dd78f
118035 | Crypt:1  | Entered Level 1 of the Crypt
121917 | Crypt:1  | Reached skill level 20 in Fighting
123186 | Depths:4 | Voluntarily entered the Abyss.
123269 | Abyss:1  | Got a creamy pearl robe
123270 | Abyss:1  | Identified the +1 robe "Ricvoe" {MR++ Int+8} (You found it
                  | on level 1 of the Abyss)
123430 | Abyss:1  | Noticed an ancient lich
123522 | Depths:4 | Escaped the Abyss
124101 | Slime:1  | Entered Level 1 of the Pits of Slime
124400 | Slime:2  | Gained mutation: You are weak. (Str -2) [a shining eye]
124931 | Slime:3  | Gained mutation: You are clumsy. (Dex -2) [a shining eye]
125298 | Slime:3  | Mangled by an acid blob

Vault maps used:
D:1:      minmay_arrival_solitary_statue, hangedman_decor_clover_reticule
D:2:      bloody_trog
D:3:      lemuel_doored_altar, nicolae_overflow_hidden_temple,
          ebering_ghost_disaster_area, nicolae_tso_swordbearing_angel
D:4:      nicolae_gozag_cash_rules_everything_around_me, first_ration
D:5:      lemuel_crystal_altar, gammafunk_temple_overflow_wave,
          elyvilon_altar_4, uniq_blork_the_orc
D:6:      lemuel_round_altar, cheibrodos_ashenzari_chains, uniq_pikel
D:7:      kennysheep_mini_moat, temple_doors_e, nicolae_ossuary_entry_giza
D:8:      amethyst_overflow_temple_binary, david_nohive_1, grunt_potential,
          uniq_maurice, uniq_prince_ribbit1
D:9:      fedhas_altar_2, david_lair_shrubbed
D:10:     serial_shops, shop_fountains
D:11:     cheibrodos_barr_body, david_orc_3, st_stairs_1, uniq_psyche,
          uniq_sonja, uniq_josephine
D:12:     gauntlet_entry_generic
D:13:     ximxim_vaults_locker_room, enter_bailey_7, gammafunk_ghost_smash,
          basic_altar, worms_lemuel
D:14:     serial_bayou_pond_e
D:15:     grunt_enter_depths_snipers, uniq_nessos
Temple:   nicolae_temple_figure_zero
Lair:1:   patterned_corridor
Lair:2:   dummy_snake_entry, gammafunk_ghost_hydra_chop, serial_bayou_shore_b,
          lemuel_fruit_fields
Lair:3:   beast_lair_carwin_2, uniq_nergalle
Lair:4:   dragon1_lemuel, minmay_swamp_entry_reptiles, beast_lair_carwin_8,
          uniq_urug
Lair:5:   minmay_slime_entry_jelly_boxes, kennysheep_rathole
Lair:6:   grunt_lair_end_beastmaster, ice2_lemuel, lemuel_fruit_tree
Swamp:1:  nicolae_swamp_fairy_circle, uniq_kirke
Swamp:2:  gammafunk_its_a_trap, serial_swamp_ruin, hangedman_swamp_ruin_hall,
          evilmike_swamp_ruin_house_4, evilmike_swamp_ruin_rubble_1,
          swamp_pool2, uniq_louise
Swamp:3:  lemuel_altar_in_water, nicolae_swamp_alligator_family, uniq_nikola
Swamp:4:  swamp_icy, swamp_pool1, grunt_lady_of_the_lake
Snake:1:  special_room
Snake:2:  cheibrodos_snake_lava_hold
Snake:3:  uniq_vashnia
Snake:4:  minmay_snake_end_coiled, abandoned_shop, hangedman_venom_bottle,
          uniq_asterion
Orc:1:    elves_outpost_lemuel
Orc:2:    st_orc_open
Elf:1:    eino_elf_arrival_shootout, serial_shops, statue_bzr, minivault_28,
          nicolae_elf_big_sculpture_1, uniq_azrael
Elf:2:    st_stairs_13, lemuel_statue_altar
Elf:3:    grunt_elf_hall_branching, minmay_elf_necromancy,
          basic_stair_grate_trap
Vaults:1: gammafunk_vaults_ghost_split, serial_ice_b, st_squares,
          nicolae_vaults_alarming, ontoclasm_vaults_ring_square,
          ontoclasm_vaults_loading_screen, vaults_room_grunt_arrival_checkpoint,
          dpeg_vaults_monster_box, nicolae_vaults_rhombus_6, v_alt_pattern_5,
          v_misc_27
Vaults:2: hangedman_vaults_restitches, ontoclasm_vaults_bender,
          ontoclasm_vaults_twist, vaults_room_stairs_pillars,
          ontoclasm_vaults_loading_screen, nicolae_vaults_little_ls,
          hangedman_vaults_river_flow, vaults_standard_mumra_x,
          hangedman_vaults_capsules, dummy_crypt_entry, serial_shops,
          nicolae_shop_behind_doors
Vaults:3: v_misc_3, nicolae_vaults_display_case, grunt_vaults_trifunnel,
          grunt_vaults_hallway_long, nicolae_vaults_network_periphery,
          v_pattern_4, vaults_room_ringed_pool, grunt_vaults_hallway_short,
          ontoclasm_vaults_ligature, serial_ice_b, vaults_dpeg_encased_lava,
          v_misc_24
Vaults:4: st_diamondy, hangedman_vaults_restitches, ontoclasm_vaults_chip,
          v_alt_pattern_1, v_misc_9, v_misc_5, nicolae_vaults_big_angled_halls,
          vaults_room_grid, v_misc_16, v_rooms_4, vaults_room_semicircle,
          nicolae_vaults_little_squares_2, serial_ice_b, vaults_dpeg_hooks,
          v_misc_18, serial_shops, shop, uniq_mennas
Crypt:1:  grunt_megastairs_3
Depths:1: glass_columns_a, grunt_hell_entry_dis_mu, serial_shops,
          shop_fountains, shop_statue, shop_statue, grunt_pan_entry_spiral,
          lightli_minifort
Depths:2: due_chaos_kobolds, enter_ziggurat_d, grunt_metal_band,
          hex_intersection, grunt_ministairs_15, infiniplex_staircase_x
Depths:3: minmay_split_circle, hell_entry, rand_demon_pan_entry_9,
          grunt_ministairs_12, infiniplex_staircase_door_maze, uniq_xtahua
Depths:4: minmay_the_grid_plus_closed, pan_entry, abyss_entry,
          hangedman_coc_ice_floe, serial_bayou_shore_b,
          infiniplex_staircase_zigzag_4
Depths:5: grunt_zot_entry_gee_three, wad_floor_pattern_1, hell_entry,
          minmay_crystal_room, serial_bayou_shore_b, serial_bayou_shore_a
Abyss:2:  minivault_24, hangedman_elemental_corridor, evilmike_abyss_exit_15
Bazaar:   bazaar_kb_twisted_cavern

Skill      XL: |  1  2  3  4  5  6  7  8  9 10 11 12 13 14 15 16 17 18 19 20 21 22 23 24 |
---------------+-------------------------------------------------------------------------+-----
Ice Magic      | 4 5 6 7 8 9 10 | 10.0
Charms         | 1 2 |  2.1
Spellcasting   | 4 5 6 8 10 11 12 13 14 15 17 18 19 | 19.4
Summonings     | 1 2 3 6 7 8 10 | 10.0
Fighting       | 1 4 5 7 9 10 11 12 13 14 15 16 18 19 20 | 20.1
Conjurations   | 3 4 7 8 10 12 13 15 | 15.0
Dodging        | 3 6 8 9 11 12 13 14 15 | 15.0
Necromancy     | 1 6 7 |  7.0
Earth Magic    | 1 4 5 7 |  7.0
Armour         | 2 |  2.8
Shields        | 3 7 10 13 15 | 15.0
Fire Magic     | 3 4 7 8 |  8.0
Invocations    | 4 7 8 9 |  9.0
Air Magic      | 4 5 11 13 14 | 14.8
Stealth        | |  2.4

Action                   |  1- 3 |  4- 6 |  7- 9 | 10-12 | 13-15 | 16-18 | 19-21 | 22-24 || total
-------------------------+-------+-------+-------+-------+-------+-------+-------+-------++-------
Melee: Short sword       |     1 |     2 |       |       |       |       |       |       ||     3
       Spear             |       |    51 |     8 |       |       |       |       |       ||    59
       Whip              |       |    24 |   183 |   241 |    92 |   137 |    85 |       ||   762
       Staff             |       |       |       |       |   128 |    40 |    43 |    82 ||   293
       Morningstar       |       |       |       |       |       |       |     3 |       ||     3
Throw: Stone             |    14 |    14 |    14 |    31 |     4 |    44 |       |       ||   121
 Cast: Freeze            |    50 |    45 |    19 |     4 |       |       |       |       ||   118
       Throw Frost       |    14 |    24 |    39 |    32 |    22 |       |       |       ||   131
       Ozocubu's Armour  |       |     4 |     1 |       |    25 |    20 |    11 |     1 ||    62
       Summon Ice Beast  |       |     1 |    58 |    96 |    34 |     2 |       |       ||   191
       Throw Icicle      |       |       |    53 |   129 |   386 |   428 |   674 |   445 ||  2115
       Borgnjor's Vile C |       |       |       |    58 |   297 |   302 |   409 |   230 ||  1296
       Regeneration      |       |       |       |     2 |    10 |     2 |    10 |       ||    24
       Fireball          |       |       |       |       |    18 |    40 |    24 |     7 ||    89
       Freezing Cloud    |       |       |       |       |       |       |    55 |   113 ||   168
       Spellforged Servi |       |       |       |       |       |       |     8 |    31 ||    39
       Bolt of Fire      |       |       |       |       |       |       |     1 |   194 ||   195
       Apportation       |       |       |       |       |       |       |       |     1 ||     1
       Tornado           |       |       |       |       |       |       |       |     1 ||     1
Invok: Bend Space        |       |       |       |       |     1 |     1 |     5 |     4 ||    11
       Depart the Abyss  |       |       |       |       |     1 |       |       |     2 ||     3
       Banish            |       |       |       |       |       |     8 |     4 |     1 ||    13
Evoke: Wand              |       |       |       |       |     2 |     2 |     4 |     2 ||    10
       Lamp of fire      |       |       |       |       |     1 |       |     1 |     1 ||     3
  Use: Scroll            |     4 |     4 |    12 |     8 |    23 |     7 |    16 |    11 ||    85
       Potion            |       |       |       |     3 |    16 |     3 |     4 |     3 ||    29
 Stab: Sleeping          |     1 |     4 |     6 |     4 |       |       |     1 |       ||    16
       Distracted        |       |       |     1 |     1 |       |       |       |       ||     2
       Paralysed         |       |       |       |       |     2 |       |       |       ||     2
  Eat: Chunk             |     5 |    10 |    25 |    33 |    54 |    14 |    55 |    42 ||   238
       Ration            |       |       |     2 |     4 |     6 |    16 |    10 |    14 ||    52
Armor: Robe              |    11 |       |       |       |    91 |   108 |    75 |    52 ||   337
       Animal skin       |       |    42 |    73 |    61 |    11 |       |       |       ||   187
Dodge: Dodged            |    13 |    65 |   175 |   223 |   453 |   335 |   355 |   448 ||  2067
       Deflected         |       |       |       |       |       |       |     9 |    33 ||    42
Block: Buckler           |       |       |       |       |    74 |    71 |       |       ||   145
       Shield            |       |       |       |       |       |   141 |   357 |   414 ||   912

Table legend:
 A = Non-vault XP
 B = Vault XP
 C = Vault XP percentage of total XP
 D = Non-vault monster count
 E = Vault monster count
 F = Vault count percentage of total count
                 A         B        C        D         E       F
            +---------+---------+-------+---------+---------+-------
      Total |  619576 |  380258 |  38.0 |    1454 |     635 |  30.4
            +---------+---------+-------+---------+---------+-------
        D:1 |      28 |       0 |   0.0 |      15 |       0 |   0.0
        D:2 |      64 |       0 |   0.0 |      19 |       0 |   0.0
        D:3 |     196 |       0 |   0.0 |      17 |       0 |   0.0
        D:4 |     217 |       0 |   0.0 |      19 |       0 |   0.0
        D:5 |     350 |      50 |  12.5 |      15 |       1 |   6.2
        D:6 |     538 |       0 |   0.0 |      18 |       0 |   0.0
        D:7 |    1085 |      18 |   1.6 |      38 |       3 |   7.3
        D:8 |     906 |    1597 |  63.8 |      31 |      27 |  46.6
        D:9 |    1391 |     350 |  20.1 |      30 |       1 |   3.2
       D:10 |    3242 |       0 |   0.0 |      40 |       0 |   0.0
       D:11 |    2630 |    9642 |  78.6 |      24 |      31 |  56.4
       D:12 |    4638 |       0 |   0.0 |      38 |       0 |   0.0
       D:13 |    9467 |    5048 |  34.8 |      33 |      23 |  41.1
       D:14 |    8405 |       0 |   0.0 |      30 |       0 |   0.0
       D:15 |   11862 |    3666 |  23.6 |      18 |       4 |  18.2
     Lair:1 |    1581 |       0 |   0.0 |      10 |       0 |   0.0
     Lair:2 |    3162 |       0 |   0.0 |      16 |       0 |   0.0
     Lair:3 |    2735 |    1765 |  39.2 |      19 |       5 |  20.8
     Lair:4 |    2677 |    4492 |  62.7 |      15 |      12 |  44.4
     Lair:5 |    6489 |     727 |  10.1 |      26 |      25 |  49.0
     Lair:6 |    8466 |   10625 |  55.7 |      24 |      29 |  54.7
    Swamp:1 |    8588 |    2999 |  25.9 |      24 |       5 |  17.2
    Swamp:2 |   13966 |    3791 |  21.3 |      42 |       8 |  16.0
    Swamp:3 |   13370 |    6575 |  33.0 |      32 |       4 |  11.1
    Swamp:4 |   20582 |    4978 |  19.5 |      44 |      28 |  38.9
    Snake:1 |   16582 |       0 |   0.0 |      36 |       0 |   0.0
    Snake:2 |   20084 |    5200 |  20.6 |      33 |       9 |  21.4
    Snake:3 |    8455 |    7325 |  46.4 |      17 |       4 |  19.0
    Snake:4 |   17343 |   33766 |  66.1 |      37 |      65 |  63.7
    Slime:1 |   10997 |       0 |   0.0 |       8 |       0 |   0.0
    Slime:2 |    5601 |       0 |   0.0 |      10 |       0 |   0.0
    Slime:3 |    7088 |       0 |   0.0 |       9 |       0 |   0.0
      Orc:1 |    2189 |    3998 |  64.6 |      46 |       8 |  14.8
      Orc:2 |    4122 |   16357 |  79.9 |      38 |      38 |  50.0
      Elf:1 |   22302 |   10420 |  31.8 |      43 |      19 |  30.6
      Elf:2 |   11739 |   25123 |  68.2 |      17 |      30 |  63.8
      Elf:3 |   10961 |   49095 |  81.7 |      15 |      39 |  72.2
   Vaults:1 |   28382 |   26842 |  48.6 |      52 |      37 |  41.6
   Vaults:2 |   22825 |   11527 |  33.6 |      47 |      23 |  32.9
   Vaults:3 |   29702 |   25155 |  45.9 |      47 |      29 |  38.2
   Vaults:4 |   46318 |   27770 |  37.5 |      73 |      41 |  36.0
    Crypt:1 |   39856 |     214 |   0.5 |      54 |       1 |   1.8
   Depths:1 |   30891 |    7379 |  19.3 |      44 |      17 |  27.9
   Depths:2 |   31598 |    6011 |  16.0 |      41 |      15 |  26.8
   Depths:3 |   43837 |   21570 |  33.0 |      44 |      21 |  32.3
   Depths:4 |   44723 |   20674 |  31.6 |      53 |      15 |  22.1
   Depths:5 |   29813 |   24118 |  44.7 |      34 |      17 |  33.3
    Abyss:1 |    4219 |    1391 |  24.8 |       9 |       1 |  10.0
    Abyss:2 |    3314 |       0 |   0.0 |      10 |       0 |   0.0
            +---------+---------+-------+---------+---------+-------
